 Dungeon Crawl Stone Soup version 0.17-a0-802-g1f09329 (webtiles) character file.

254 Hanyuu the Insei (level 6, -4/38 HPs)
             Began as an Octopode Transmuter on Apr 26, 2015.
             Slain by Grinder (5 damage)
             ... on level 3 of the Dungeon.
             The game lasted 00:09:24 (3095 turns).

Hanyuu the Insei (Octopode Transmuter)              Turns: 3095, Time: 00:09:24

Health: -4/38      AC:  1    Str: 10    XL:     6   Next: 15%
Magic:  9/9        EV: 12    Int: 15    God:
Gold:   81         SH:  0    Dex: 14    Spells: 3 memorised, 3 levels left

rFire  . . .     SeeInvis .     a - +1 hand axe (flame)
rCold  . . .     Clarity  .     (no shield)
rNeg   . . .     SustAb   .     (helmet restricted)
rPois  .         Gourm    .     (no amulet)
rElec  .         Spirit   .     (no ring)
rCorr  .         Warding  .     (no ring)
rMut   .         Stasis   .     (no ring)
MR     .....                    (no ring)
Stlth  ++........               (no ring)
                                (no ring)
                                (no ring)
                                (no ring)

@: not resistant to hostile enchantments, unstealthy
A: almost no armour, amphibious, 8 rings, constrict 8, camouflage 1, gelatinous
body 1
a: no special abilities


You were on level 3 of the Dungeon.
You were not hungry.

You visited 1 branch of the dungeon, and saw 3 of its levels.
You also visited: Sewer.

You collected 81 gold pieces.

Inventory:

Hand weapons
 a - a +1 hand axe of flaming (weapon)
 b - a +0 hunting sling
 k - a +0 whip
Missiles
 i - 3 curare-tipped needles
 l - 9 exploding sling bullets
 m - 5 tomahawks (quivered)
 o - 4 needles of sleeping
 s - 22 stones
 t - 35 arrows
 B - 14 arrows of dispersal
Scrolls
 e - 2 scrolls of remove curse
 g - 2 scrolls of fog
 q - a scroll of blinking
 r - a scroll of magic mapping
 u - a scroll of noise {unknown}
 v - a scroll of brand weapon {unknown}
 y - a scroll of teleportation {unknown}
Potions
 h - 2 potions of might
 j - a potion of flight
 p - a potion of heal wounds
 w - a potion of invisibility
 x - a potion of degeneration
 A - a potion of poison
Books
 n - a book of Changes

   Spells                             Type                      Level
   a - Beastly Appendage              Transmutation                1
   b - Sticks to Snakes               Transmutation                2
   c - Spider Form                    Transmutation/Poison         3
   d - Ice Form                       Ice/Transmutation            4
   e - Blade Hands                    Transmutation                5
Comestibles
 c - 2 bread rations


   Skills:
 + Level 1.0 Fighting
 - Level 2.0 Dodging
 + Level 6.2 Unarmed Combat
 - Level 2.0 Spellcasting
 - Level 3.0 Transmutations


You had 3 spell levels left.
You knew the following spells:

 Your Spells              Type           Power        Failure   Level  Hunger
a - Beastly Appendage     Trmt           ##....       8%          1    #......
b - Sticks to Snakes      Trmt           ##........   12%         2    ###....
c - Spider Form           Trmt/Pois      #.........   34%         3    ###....


Dungeon Overview and Level Annotations

Branches:
Dungeon (3/15)

Altars:

Annotations:
D:3 Grinder


Innate Abilities, Weirdness & Mutations

You cannot wear most types of armour.
You are amphibious.
You can wear up to eight rings at the same time.
You can use your tentacles to constrict eight enemies at once.
Your skin changes colour to match your surroundings (Stealth).
Your rubbery body absorbs attacks (AC +1).


Message History

Press: ? - help, v - describe, . - travel
Here: Grinder The floor.
You closely miss Grinder. Your grab misses Grinder. Grinder hits you!
You writhe in agony.
Grinder hits you but does no damage.
You barely miss Grinder. You grab Grinder. You constrict Grinder.
Grinder gestures.
Grinder struggles to blink free from constriction.
You completely miss Grinder. You squeeze Grinder, but do no damage.
Grinder is lightly wounded.
You constrict Grinder. Grinder closely misses you.
You hit Grinder. You burn Grinder.
Grinder is moderately wounded.
You constrict Grinder. Grinder hits you!
You writhe in agony.
* * * LOW HITPOINT WARNING * * *
Grinder says, "What is the universe for?"
Grinder hits you!
* * * LOW HITPOINT WARNING * * *
You writhe in agony.
You die...

.......####.....#
#..# ###....#
#.....# ####.####
#....# #.....#
#.......# ##...*
#.....# #.##.##.#
##.#* #.....#
#§##.##.# *,*
####### #§§§.##.#
*,* #§§####.# *,*
#####..####.# *,*
******#5@..§......#
*,*
#.......###########
*,***..(..##*
*,,,,.(?.,*
*****.(.,,* *,.,,,*
*******


You could see Grinder.

Vanquished Creatures
  Purgy (D:3)
  A crocodile (Sewer)
  An adder (D:3)
  5 giant geckos (D:3)
  A ball python (D:2)
  9 bats
  6 giant cockroaches
  6 goblins
  6 hobgoblins
  2 jackals (Sewer)
  A giant newt (D:1)
  14 kobolds
  A quokka (D:2)
  14 rats
68 creatures vanquished.

Notes
Turn   | Place    | Note
--------------------------------------------------------------
     0 | D:1      | Hanyuu, the Octopode Transmuter, began the quest for the Orb.
     0 | D:1      | Reached XP level 1. HP: 13/13 MP: 3/3
   217 | D:1      | Reached XP level 2. HP: 16/18 MP: 5/5
   777 | D:1      | Reached skill level 4 in Unarmed Combat
   924 | D:2      | Reached XP level 3. HP: 16/23 MP: 6/6
  2183 | D:3      | Found a glowing drain.
  2197 | D:3      | Reached XP level 4. HP: 23/28 MP: 7/7
  2206 | Sewer    | Entered a sewer
  2221 | Sewer    | Learned a level 2 spell: Sticks to Snakes
  2225 | Sewer    | Learned a level 3 spell: Spider Form
  2353 | Sewer    | Noticed a crocodile
  2383 | Sewer    | Killed a crocodile
  2383 | Sewer    | Reached skill level 5 in Unarmed Combat
  2383 | Sewer    | Reached XP level 5. HP: 14/33 MP: 3/8
  2798 | D:3      | Noticed Purgy
  2808 | D:3      | Killed Purgy
  2808 | D:3      | Reached skill level 6 in Unarmed Combat
  2808 | D:3      | Reached XP level 6. HP: 38/38 MP: 5/9
  3074 | D:3      | Noticed Grinder
  3095 | D:3      | HP: 1/38 [Grinder (8)]
  3095 | D:3      | Slain by Grinder

Action                   |  1- 3 |  4- 6 || total
-------------------------+-------+-------++-------
Melee: Unarmed           |    85 |     7 ||    92
       Hand axe          |    23 |    24 ||    47
Throw: Javelin           |       |     9 ||     9
 Cast: Spider Form       |       |     3 ||     3
  Use: Scroll            |     1 |    10 ||    11
       Potion            |       |     2 ||     2
 Stab: Sleeping          |     7 |     2 ||     9
  Eat: Chunk             |     2 |       ||     2
       Meat ration       |     1 |       ||     1
